 Dungeon Crawl Stone Soup version 0.24.0-125-gc4c63601f3 (webtiles) character file.

Game seed: 1926408023158243460, levelgen mode: deterministic

309 Amplified the Ruffian (level 6, -4/56 HPs)
             Began as a Ghoul Monk on Mar 1, 2020.
             Killed by divine providence
             ... invoked by an orc priest
              (13 damage)
             ... on level 4 of the Dungeon.
             The game lasted 00:03:42 (2926 turns).

Amplified the Ruffian (Ghoul Monk)                  Turns: 2926, Time: 00:03:43

Health: -4/56      AC:  4    Str: 17    XL:     6   Next: 41%
Magic:  5/5        EV: 10    Int:  5    God:
Gold:   96         SH:  8    Dex: 11    Spells: 5/5 levels left

rFire    . . .     SeeInvis .     - Unarmed
rCold    + . .     Gourm    .   f - +0 shield
rNeg     + + +     Faith    .   a - +0 robe
rPois    ∞         Spirit   .   (no helmet)
rElec    .         Reflect  .   i - +0 cloak (curse)
rCorr    .         Harm     .   e - +0 pair of gloves
MR       .....                  (no boots)
Stlth    +++.......             (no amulet)
HPRegen  0.00/turn              c - ring of stealth
MPRegen  0.09/turn              (no ring)

@: about to teleport, rotting
A: rotting body, claws 1, carnivore, cold resistance 1, negative energy
resistance 3, inhibited regeneration, torment resistance, unbreathing
a: no special abilities


You were on level 4 of the Dungeon.
You were not hungry.

You visited 1 branch of the dungeon, and saw 4 of its levels.

You collected 96 gold pieces.

Inventory:

Missiles
 g - 7 poisoned darts (quivered)
Armour
 a - a +0 robe (worn)
 e - a +0 pair of gloves (worn)
 f - a +0 shield (worn)
 i - a cursed +0 cloak (worn)
 o - a cursed -2 plate armour
Jewellery
 c - a ring of stealth (left hand)
 j - an uncursed ring of protection from cold
Wands
 p - a wand of enslavement (7)
Scrolls
 k - 3 scrolls of identify
Potions
 h - a potion of heal wounds
Comestibles
 b - 3 rations
 l - 4 chunks of flesh


   Skills:
 * Level 5.1 Fighting
 - Level 1.1 Armour
 - Level 3.1 Dodging
 - Level 2.1 Stealth
 * Level 2.2 Shields
 * Level 5.1 Unarmed Combat


You had 5 spell levels left.
You didn't know any spells.
Your spell library was empty.

Dungeon Overview and Level Annotations

Branches:
Dungeon (4/15)
 Temple: D:4-7

Altars:


Innate Abilities, Weirdness & Mutations

Your body is rotting away.
You thrive on raw meat.
You are immune to poison.
You have sharp fingernails.
You are carnivorous and can eat meat at any time.
Your flesh is cold resistant. (rC+)
You are immune to negative energy. (rN+++)
You do not regenerate when monsters are visible.
You are immune to unholy pain and torment.
You can survive without breathing.


Message History

The orc priest is severely wounded.
You block the orc's attack.
The orc priest invokes the aid of Beogh against you.
Beogh smites you! You block the orc priest's attack.
The frilled lizard bites you but does no damage.
Unknown command.
You hit the orc priest.
The orc priest is almost dead.
You block the orc's attack.
The orc priest hits you but does no damage.
The orc priest hits you with a +0 short sword.
* * * LOW HITPOINT WARNING * * *
The frilled lizard misses you.
As you read the scroll of teleportation, it crumbles to dust.
You feel strangely unstable. The orc misses you.
The orc priest hits you with a +0 club.
* * * LOW HITPOINT WARNING * * *
The orc priest mumbles some strange prayers to Beogh against you.
Beogh smites you!
You die...

.. .....## ...##
.>....# ......
....... ...#.. .(.⌠.#
.... (.... #
#..##.⌠.#
...#......##.#
#....ol(....# .#
(....#o@###### .# ...
##o## .# # #..# .#
#.###(#########'###
#....().....##....#
#####.#####.##....###
#.# #.#..≈..... #.##
#.#..≈..###
#..####...≈≈..#


You could see 2 orc priests, an orc and a frilled lizard.

Vanquished Creatures
  2 ogres (D:4)
  A bullfrog skeleton (D:4)
  3 adders
  An ooze (D:3)
  An adder skeleton (D:2)
  A worm (D:2)
  4 dart slugs
  2 leopard geckos (D:2)
  An orc (D:4)
  A bat skeleton (D:2)
  2 bat zombies (D:2)
  3 giant cockroaches
  8 goblins
  3 hobgoblins
  10 jackals
  4 kobolds
  2 quokkas
  A ball python zombie (D:2)
  2 bats (D:2)
  3 frilled lizards
  A jackal zombie (D:2)
  A quokka skeleton (D:4)
  5 rats
62 creatures vanquished.

Notes
Turn   | Place    | Note
-------+----------+-------------------------------------------
     0 | D:1      | Amplified the Ghoul Monk began the quest for the Orb.
     0 | D:1      | Reached XP level 1. HP: 19/19 MP: 0/0
   364 | D:1      | Reached XP level 2. HP: 26/26 MP: 1/1
   856 | D:2      | Reached XP level 3. HP: 25/33 MP: 2/2
  1573 | D:2      | Reached skill level 1 in Armour
  1670 | D:2      | Reached XP level 4. HP: 40/40 MP: 3/3
  2582 | D:4      | Noticed an ogre
  2629 | D:4      | Killed an ogre
  2629 | D:4      | Reached skill level 1 in Shields
  2629 | D:4      | Reached XP level 5. HP: 21/46 MP: 4/4
  2697 | D:4      | Noticed an ogre
  2731 | D:4      | Reached XP level 6. HP: 26/55 MP: 5/5
  2752 | D:4      | Reached skill level 5 in Fighting
  2752 | D:4      | Reached skill level 5 in Unarmed Combat
  2926 | D:4      | Killed from afar by an orc priest

Levels and vault maps discovered:
D:1:      giann_horns, layout_loops_corners
D:2:      layout_loops_corners, serial_undead, serial_undead_c, serial_undead_a,
          serial_undead_a, serial_undead_a, serial_undead_e, serial_undead_f
D:3:      minmay_chambers_of_threes, layout_basic, overflow_temple_1_default,
          lemuel_crystal_altar, first_ration, kennysheep_jessica_study
D:4:      layout_basic, chequers_serial_rivers_micro_e, hangedman_decor_growths,
          st_stairs_4, hangedman_glass_teeth, grunt_ministairs_2,
          serial_park_tiny_2, dk_noncrumbling_4

Skill      XL: |  1  2  3  4  5  6 |
---------------+-------------------+-----
Fighting       | 4 5 |  5.1
Dodging        | 3 |  3.1
Armour         | 1 |  1.1
Unarmed Combat | 4 5 |  5.1
Shields        | 1 2 |  2.2
Stealth        | |  2.1

Action                   |  1- 3 |  4- 6 || total
-------------------------+-------+-------++-------
Melee: Unarmed           |   114 |   150 ||   264
       Punch             |     2 |       ||     2
Throw: Dart              |       |    11 ||    11
Evoke: Wand              |       |     4 ||     4
  Use: Scroll            |     2 |     2 ||     4
       Potion            |       |     2 ||     2
 Stab: Sleeping          |     6 |     2 ||     8
  Eat: Chunk             |     2 |    11 ||    13
Armor: Robe              |    28 |    50 ||    78
Dodge: Dodged            |    77 |   100 ||   177
Block: Shield            |       |    58 ||    58
